 Dungeon Crawl Stone Soup version 0.28-a0-1518-gbe868bca14 (webtiles) character file.

Game seed: 13491321384808232593

15809 fragbeetle the Grappler (level 12, -9/121 HPs)
             Began as a White Draconian Transmuter on Jan 17, 2022.
             Was an Initiate of Gozag.
             Mangled by a catoblepas (11 damage)
             ... while petrified by a catoblepas
             ... on level 4 of the Lair of Beasts.
             The game lasted 00:39:26 (14851 turns).

fragbeetle the Grappler (DrTm)                     Turns: 14851, Time: 00:39:26

Health: -9/121     AC:  8    Str: 15    XL:     12   Next: 4%
Magic:  14/15      EV:  1    Int: 15    God:    Gozag
Gold:   429        SH:  0    Dex: 13    Spells: 4/15 levels left

rFire   . . .      SeeInvis +     - Unarmed
rCold   + + +      Faith    .   (shield currently unavailable)
rNeg    + + +      Spirit   .   (armour unavailable)
rPois   ∞          Reflect  +   (helmet currently unavailable)
rElec   .          Harm     .   (cloak currently unavailable)
rCorr   +          Rampage  .   (gloves currently unavailable)
Will    +....                   (boots currently unavailable)
Stlth   +.........              c - amulet of reflection
HPRegen 0.30/turn               w - ring "Nudopt" {rF+ rC++ rCorr}
MPRegen 0.14/turn               M - ring of Conformity {rPois Will+ SInv}

@: ice-form, petrified
A: freezing attack, amphibious, boosted hp, (breathe frost), AC +8, large,
unfitting armour, (cold resistance 1), (cold-blooded)
a: End Transformation, Renounce Religion, Potion Petition, Call Merchant, Bribe
Branch


You were on level 4 of the Lair of Beasts.
You worshipped Gozag.
Gozag was aware of your devotion.
You were a creature of crystalline ice.
You visited 3 branches of the dungeon, and saw 16 of its levels.

You collected 2329 gold pieces.
You spent 1415 gold pieces at shops.
You paid 485 gold pieces to Gozag.

Inventory:

Hand Weapons
 v - the +7 dagger "Ybbihab" (melded) {chaos, Contam rC+++ Str+5}
   (You found it on level 3 of the Dungeon)

   Each time it hits an enemy it has a different, random effect.
   Str:       It affects your strength (+5).
   rC:        It renders you almost immune to cold.
   Contam:    It causes magical contamination when unequipped.
Missiles
 g - 16 boomerangs
 h - 10 poisoned darts
 q - 14 sling bullets
 F - 2 curare-tipped darts
 J - 4 throwing nets
Armour
 b - a +0 cloak (melded)
 N - a +2 buckler
Jewellery
 c - an amulet of reflection (around neck)
 i - a ring of positive energy
 w - the ring "Nudopt" (left front paw) {rF+ rC++ rCorr}
   (You bought it in a shop on level 6 of the Dungeon)

   [ring of resist corrosion]

   rF:        It protects you from fire.
   rC:        It greatly protects you from cold.
   rCorr:     It protects you from acid and corrosion.
 y - a ring of flight
 A - a ring of protection from fire
 M - the ring of Conformity (right front paw) {rPois Will+ SInv}
   (You bought it in a shop on level 6 of the Dungeon)

   [ring of see invisible]

   rPois:     It protects you from poison.
   SInv:      It lets you see invisible.
   Will:      It increases your willpower.
Wands
 p - a wand of digging (9)
 L - a wand of paralysis (7)
Scrolls
 a - a scroll of fear
 f - 2 scrolls of blinking
 m - 4 scrolls of amnesia
 t - 2 scrolls of noise {unknown}
 u - 2 scrolls of vulnerability {unknown}
 x - 4 scrolls of enchant weapon
 B - 2 scrolls of magic mapping {unknown}
 C - 3 scrolls of summoning
 E - a scroll of fog {unknown}
Potions
 d - 5 potions of lignification
 e - 3 potions of heal wounds
 j - 2 potions of magic {unknown}
 k - 6 potions of curing
 l - 2 potions of flight {unknown}
 n - a potion of invisibility {unknown}
 o - a potion of brilliance {unknown}
 r - a potion of might
 z - 2 potions of haste
 D - a potion of berserk rage {unknown}
 G - 2 potions of resistance
 H - a potion of mutation {unknown}
 I - a potion of ambrosia {unknown}
Miscellaneous
 O - a lightning rod (4/4)


   Skills:
 + Level 7.7 Fighting
 + Level 6.8 Dodging
 + Level 3.0 Shields
 * Level 10.6 Unarmed Combat
 - Level 2.0 Spellcasting
 + Level 4.9 Conjurations
 + Level 8.9 Transmutations
 * Level 8.7 Ice Magic
 - Level 5.0 Poison Magic


You had 4 spell levels left.
You knew the following spells:

 Your Spells              Type           Power      Damage    Failure   Level
a - Beastly Appendage     Tmut           56%        N/A       1%          1
b - Spider Form           Tmut/Pois      22%        N/A       3%          3
c - Ice Form              Ice/Tmut       28%        N/A       6%          4
d - Mephitic Cloud        Conj/Pois/Air  11%        N/A       17%         3

Your spell library contained the following spells:

 Spells                   Type           Power      Damage    Failure   Level
 Wereblood                Tmut           28%        N/A       1%          2
 Ozocubu's Armour         Ice            27%        N/A       1%          3
 Magic Dart               Conj           64%        1d6       3%          1
 Searing Ray              Conj           32%        2d5       4%          2
 Call Imp                 Summ           1%         N/A       32%         2
 Corpse Rot               Necr/Air       2%         N/A       32%         2
 Gell's Gravitas          Tloc           1%         N/A       54%         3
 Teleport Other           Tloc           1%         N/A       54%         3
 Fulminant Prism          Conj/Hex       4%         3d6       63%         4
 Dispel Undead            Necr           1%         3d6       91%         4
 Ozocubu's Refrigeration  Ice            13%        4d7       99%         7
 Death Channel            Necr           0%         N/A       100%        6
 Dispersal                Tloc           0%         N/A       100%        6


Dungeon Overview and Level Annotations

Branches:
Dungeon (11/15)            Temple (1/1) D:4            Lair (4/6) D:9
 Shoals (0/4) Lair:2
  Snake: Lair:2-4    Spider: Lair:2-4       Orc: D:9-12

Altars:
Ashenzari
Cheibriados
Dithmenos
Elyvilon
Fedhas
Gozag
Hepliaklqana
Kikubaaqudgha
Makhleb
Nemelex Xobeh
Okawaru
Qazlal
Ru
Sif Muna
Trog
Uskayaw
Vehumet
Wu Jian
Xom
Yredelemnul
Zin
The Shining One

Shops:
D:1 (   D:6 =

Annotations:
D:2 Sigmund
D:8 Gastronok
Lair:2 exclusion: oklob plant
Lair:4 exclusion: oklob plant


Innate Abilities, Weirdness & Mutations

You are a creature of crystalline ice.
You have a powerful freezing melee attack.
You are amphibious.
Your maximum health is increased.
You are immune to poison.
Your armour is entirely melded.
You are incapable of wielding weapons or throwing items.
((You can breathe waves of freezing cold which knock back foes.))
((Your icy white scales are hard. (AC +8)))
You cannot fit into any form of body armour.
((Your flesh is cold resistant. (rC+)))
((You are cold-blooded and may be slowed by cold attacks.))


Message History

The catoblepas closely misses you.
You hit the catoblepas. You freeze the catoblepas.
The catoblepas is almost dead.
You hit the catoblepas but do no damage.
The catoblepas is almost dead.
The catoblepas breathes a plume of calcifying dust at you.
The blast of calcifying dust hits you!
The catoblepas breathes a plume of calcifying dust at you.
The blast of calcifying dust hits you.
* * * LOW HITPOINT WARNING * * *
You hit the catoblepas. You freeze the catoblepas.
The catoblepas is almost dead.
You are engulfed in calcifying dust.
You are slowing down.
The catoblepas breathes a plume of calcifying dust at you.
The blast of calcifying dust hits you.
* * * LOW HITPOINT WARNING * * *
The catoblepas gores you.
* * * LOW HITPOINT WARNING * * *
Your limbs are stiffening.
You hit the catoblepas but do no damage.
The catoblepas is almost dead.
The catoblepas breathes a plume of calcifying dust at you.
The blast of calcifying dust hits you.
* * * LOW HITPOINT WARNING * * *
You have turned to stone.
You are engulfed in calcifying dust.
The catoblepas gores you.
You are engulfed in calcifying dust.
The catoblepas breathes a plume of calcifying dust at you.
The blast of calcifying dust hits you.
* * * LOW HITPOINT WARNING * * *
You are engulfed in calcifying dust.
The catoblepas gores you!!
* * * LOW HITPOINT WARNING * * *
You are engulfed in calcifying dust.
The catoblepas gores you!!
* * * LOW HITPOINT WARNING * * *
The catoblepas gores you!
* * * LOW HITPOINT WARNING * * *
The catoblepas gores you!!
You die...
Your body crumbles into a pile of gold.

#..#.### #..# # ..# ##.#
$ #.## #.# .. #.# .# #..
### #.# ...####P## ###
##.# .........# #.## ###
#...
....#.#YY####.###.#####.#
. # ##............# #.#
#.##...P.##.P# #..
####.######.## #.. ###
#.# #.. ##.## ##. #P..#
## #.P## #. #P..## ##


You could see a catoblepas.

Vanquished Creatures
  Harold (Lair:1)
  A hydra (Lair:2)
  2 two-headed ogres
  2 centaur zombies (D:10)
  2 cane toads (Lair:3)
  Maggie (D:6)
  A gargoyle (D:11)
  A rime drake (Lair:2)
  3 komodo dragons
  3 kobold demonologists (D:11)
  A polar bear (Lair:3)
  13 yaks
  A shadow (D:10)
  4 wyverns
  3 basilisks
  A vampire (D:9)
  4 fire bats (Lair:2)
  2 steam dragons
  13 water moccasins
  An acid dragon (D:8)
  2 sky beasts
  2 orc warriors
  A black bear (Lair:2)
  5 ogres
  3 wolves (Lair:2)
  2 centaurs
  2 phantoms
  2 kobold brigands (D:6)
  7 bullfrogs
  A gnoll sergeant (D:9)
  A water moccasin zombie (D:6)
  A wyvern skeleton (D:5)
  2 water moccasin skeletons
  10 killer bees (D:8)
  5 howler monkeys
  5 wights (D:6)
  A bullfrog zombie (D:5)
  A centaur skeleton (D:5)
  2 hounds
  2 jellies
  3 orc priests
  A bullfrog skeleton (D:4)
  2 gnoll shamans
  Natasha (D:2)
  Ijyb (D:3)
  3 iguanas
  8 orc wizards
  A killer bee zombie (D:8)
  2 hound skeletons
  18 gnolls
  A howler monkey skeleton (D:5)
  12 adders
  2 shadow imps
  2 white imps
  An ufetubus (D:6)
  An adder zombie (D:5)
  An adder skeleton (D:4)
  2 worms (D:2)
  The ghost of murtidash the Sneak, a weakling HODe (D:3)
  2 dart slugs
  21 orcs
  9 ball pythons
  5 endoplasms
  12 goblins
  7 hobgoblins
  2 jackals (D:2)
  3 quokkas
  7 bats
  2 frilled lizards
  15 kobolds
  6 rats
271 creatures vanquished.

Vanquished Creatures (others)
  A scorpion (D:4)
  10 fungi
  22 plants
33 creatures vanquished.

Grand Total: 304 creatures vanquished

Notes
Turn   | Place    | Note
-------+----------+-------------------------------------------
     0 | D:1      | fragbeetle the Draconian Transmuter began the quest for the
                  | Orb.
     0 | D:1      | Reached XP level 1. HP: 16/16 MP: 3/3
    77 | D:1      | Found Geepudiv's Antique Weapon Shoppe.
   181 | D:1      | Reached XP level 2. HP: 20/23 MP: 3/5
   402 | D:1      | Found a faded altar of an unknown god.
   977 | D:1      | Reached XP level 3. HP: 26/28 MP: 4/6
   981 | D:1      | Learned a level 3 spell: Spider Form
  1210 | D:2      | Noticed Natasha
  1216 | D:2      | Killed Natasha
  1353 | D:2      | Reached XP level 4. HP: 36/36 MP: 5/7
  2296 | D:2      | Noticed Sigmund
  2759 | D:2      | Reached skill level 4 in Unarmed Combat
  2759 | D:2      | Reached skill level 1 in Poison Magic
  2881 | D:3      | Reached XP level 5. HP: 26/41 MP: 4/8
  2894 | D:3      | Learned a level 4 spell: Ice Form
  3071 | D:3      | Noticed Ijyb
  3094 | D:3      | Killed Ijyb
  3769 | D:3      | Found a runed translucent gate.
  3769 | D:3      | Found a runed translucent gate.
  3769 | D:3      | Found an opulent altar of Gozag.
  3770 | D:3      | Found a runed translucent gate.
  3773 | D:3      | Noticed murtidash's ghost (weakling HODe)
  3798 | D:3      | Killed murtidash's ghost
  3810 | D:3      | Became a worshipper of Gozag Ym Sagoz the Greedy
  4010 | D:3      | Identified the +7 dagger "Ybbihab" {chaos, Contam rC+++
                  | Str+5}
  4015 | D:3      | Found a glowing golden altar of the Shining One.
  4187 | D:4      | Found a burning altar of Makhleb.
  4245 | D:4      | Noticed an ogre
  4252 | D:4      | Killed an ogre
  4253 | D:4      | Reached skill level 1 in Ice Magic
  4253 | D:4      | Reached XP level 6. HP: 50/50 MP: 9/9
  4271 | D:4      | Found a glowing silver altar of Zin.
  4377 | D:4      | Found a shimmering altar of Xom.
  4474 | D:4      | Found a staircase to the Ecumenical Temple.
  4510 | Temple   | Entered the Ecumenical Temple
  4736 | D:4      | Your scales start taking on an icy white colour.
  4736 | D:4      | Reached XP level 7. HP: 56/57 MP: 10/10
  4736 | D:4      | Gained mutation: Your flesh is cold resistant. (rC+) [White
                  | Draconian growth]
  4863 | D:4      | Reached skill level 5 in Unarmed Combat
  4891 | D:4      | Noticed a two-headed ogre
  4910 | D:4      | Killed a two-headed ogre
  4911 | D:4      | Reached skill level 5 in Transmutations
  4911 | D:4      | Reached XP level 8. HP: 22/66 MP: 11/11
  5479 | D:5      | Entered Level 5 of the Dungeon
  5587 | D:5      | Reached skill level 6 in Unarmed Combat
  6103 | D:6      | Noticed Maggie
  6359 | D:6      | Reached XP level 9. HP: 72/72 MP: 12/12
  6434 | D:6      | Killed Maggie
  6435 | D:6      | Reached skill level 7 in Unarmed Combat
  6767 | D:6      | Found a hazy altar of Hepliaklqana.
  6778 | D:6      | Reached skill level 5 in Fighting
  6900 | D:6      | Noticed a +0 hand axe
  6901 | D:6      | Found a hide-covered altar of Uskayaw.
  6901 | D:6      | Noticed a +0 hand axe
  6990 | D:6      | Reached skill level 5 in Ice Magic
  7390 | D:6      | Learned a level 3 spell: Mephitic Cloud
  7779 | D:7      | Reached skill level 5 in Dodging
  7900 | D:7      | Reached skill level 1 in Conjurations
  8063 | D:7      | Found an ancient bone altar of Kikubaaqudgha.
  8103 | D:7      | Reached skill level 8 in Unarmed Combat
  8697 | D:8      | Noticed Gastronok
  8959 | D:8      | Reached XP level 10. HP: 68/83 MP: 13/13
  9429 | D:8      | Found an opulent altar of Gozag.
  9686 | D:9      | Found a sacrificial altar of Ru.
  9851 | D:9      | Found a basalt altar of Yredelemnul.
  9890 | D:9      | Found a blossoming altar of Fedhas.
  9891 | D:9      | Found a radiant altar of Vehumet.
  9919 | D:9      | Found a staircase to the Lair.
  9920 | D:9      | Noticed a two-headed ogre
  9936 | D:9      | Killed a two-headed ogre
 10587 | D:9      | Reached skill level 9 in Unarmed Combat
 10671 | D:10     | Entered Level 10 of the Dungeon
 11429 | D:10     | Reached skill level 5 in Poison Magic
 11429 | D:10     | Reached XP level 11. HP: 91/91 MP: 14/14
 12048 | D:11     | Noticed a tengu warrior
 12363 | D:6      | Bought the ring of Conformity {rPois Will+ SInv} for 540
                  | gold pieces
 12369 | D:6      | Bought the ring "Nudopt" {rF+ rC++ rCorr} for 875 gold
                  | pieces
 12467 | Lair:1   | Entered Level 1 of the Lair of Beasts
 12794 | Lair:1   | Reached skill level 1 in Shields
 13348 | Lair:2   | Noticed a boulder beetle
 13365 | Lair:2   | Reached skill level 10 in Unarmed Combat
 13542 | Lair:2   | Noticed a six-headed hydra
 13566 | Lair:2   | Killed a six-headed hydra
 13584 | Lair:2   | Noticed Harold
 13609 | Lair:1   | Killed Harold
 13936 | Lair:2   | Found a staircase to the Shoals.
 14180 | Lair:2   | Noticed a boulder beetle
 14255 | Lair:2   | Noticed an oklob plant
 14616 | Lair:3   | Reached XP level 12. HP: 27/101 MP: 11/15
 14632 | Lair:3   | Noticed a five-headed hydra
 14826 | Lair:4   | Noticed a catoblepas
 14850 | Lair:4   | HP: 2/121 [catoblepas (5)]
 14851 | Lair:4   | Mangled by a catoblepas

Illustrated notes

Levels and vault maps discovered:
D:1:      dpeg_arrival_arbitrary_c, layout_loops_corners,
          basic_ecumenical_altar, serial_shops, nicolae_shop_hallway_stairs,
          dk_noncrumbling_2
D:2:      layout_loops_corners, minmay_indecisive_spiral, uniq_sigmund,
          uniq_natasha
D:3:      layout_basic, mainiacjoe_overflow_alcove_2, ebering_ghost_gozag,
          uniq_ijyb
D:4:      layout_basic, mainiacjoe_overflow_alcove_4, xom_confusion_cloud,
          amcnicky_altar_gilded, minmay_temple_entry_junction_2, st_stairs_6,
          minmay_fractal_squares_diagonal_5
D:5:      layout_cave_pools, hangedman_decor_lopped
D:6:      layout_rooms, dancing_weapons_uskayaw, mainiacjoe_overflow_paths,
          uniq_maggie
D:7:      layout_gridville, lemuel_tele_altar
D:8:      layout_basic, overflow_temple_1_default, uniq_gastronok
D:9:      layout_basic, gammafunk_temple_overflow_statue,
          yredelemnul_altar_generic, mainiacjoe_overflow_cross_hatched,
          david_lair_generic
D:10:     layout_loops_cross
D:11:     layout_basic, st_stairs_13
Temple:   eino_wide_crystal_templ
Lair:1:   layout_regular_city, beast_lair_carwin_5
Lair:2:   layout_gridlike, elwin_shoals_entry_rocks, uniq_harold
Lair:3:   layout_hall_layers, serial_bayou_crossing
Lair:4:   dpeg_oklob_gauntlet, layout_loops_ring,
          minmay_snake_entry_six_corridors, gauntlet_entry_generic

Skill      XL: |  1  2  3  4  5  6  7  8  9 10 11 12 |
---------------+-------------------------------------+-----
Dodging        | 2 3 4 5 6 |  6.8
Fighting       | 2 3 4 5 6 7 |  7.7
Transmutations | 3 4 5 6 7 8 |  8.9
Unarmed Combat | 4 5 6 8 9 10 | 10.6
Poison Magic   | 1 2 3 5 |  5.0
Ice Magic      | 1 2 3 4 5 6 8 |  8.7
Conjurations   | 1 3 4 |  4.9
Shields        | 2 3 |  3.0
Spellcasting   | |  2.0

Action                   |  1- 3 |  4- 6 |  7- 9 | 10-12 || total
-------------------------+-------+-------+-------+-------++-------
Melee: Unarmed           |    66 |   133 |   159 |   355 ||   713
       Headbutt          |    10 |    26 |    21 |       ||    57
       Tailslap          |     7 |    10 |    17 |       ||    34
       Kick              |    17 |    31 |    32 |       ||    80
       Dagger            |       |    37 |   133 |     2 ||   172
       Punch             |       |     1 |     5 |       ||     6
 Cast: Beastly Appendage |    21 |    28 |    17 |       ||    66
       Spider Form       |       |     5 |    17 |     1 ||    23
       Ice Form          |       |       |     6 |    46 ||    52
Invok: Call Merchant     |       |       |     1 |       ||     1
  Use: Scroll            |       |       |       |    16 ||    16
       Potion            |       |       |       |     2 ||     2
 Stab: Sleeping          |     1 |     2 |     1 |     2 ||     6
       Petrified         |       |       |     4 |       ||     4
       Distracted        |       |       |     1 |       ||     1
Armor: Skin              |    16 |    31 |    45 |    85 ||   177
Dodge: Dodged            |    35 |    96 |   150 |   132 ||   413
Block: Other             |     6 |    18 |    62 |    76 ||   162
       Reflection        |       |     1 |     4 |     4 ||     9

Table legend: (Time is in decaauts)
 A = Elapsed time spent in this place.
 B = Non-inter-level travel time spent in this place.
 C = Inter-level travel time spent in this place.
 D = Time resting spent in this place.
 E = Time spent auto-exploring this place.
 F = Levels seen in this place.
 G = Mean time per level.
                   A        B        C        D        E       F      G
               +--------+--------+--------+--------+--------+-----+--------+
         Total |  14765 |  14372 |    393 |   2870 |   7080 |  16 |  922.8 |
       Dungeon |  12350 |  11958 |    392 |   2499 |   6374 |  11 | 1122.7 |
        Temple |     55 |     55 |      0 |      0 |     33 |   1 |   55.0 |
          Lair |   2359 |   2359 |      0 |    371 |    673 |   4 |  589.8 |
               +--------+--------+--------+--------+--------+-----+--------+

Top non-repeatable levels by time:
     D:3: 1728 daAuts
     D:4: 1264 daAuts
     D:7: 1256 daAuts
     D:6: 1249 daAuts
     D:2: 1221 daAuts
     D:1: 1194 daAuts
     D:9: 1163 daAuts
  Lair:1: 1115 daAuts
    D:10: 1001 daAuts
     D:8: 841 daAuts
     D:5: 824 daAuts
  Lair:2: 803 daAuts
    D:11: 604 daAuts
  Lair:3: 242 daAuts
  Lair:4: 197 daAuts
